Map: New Gettysburg LE

Players

Gracz

  • Race: Protoss Protoss
  • League: Bronze

Leafslash - Winner!

  • Race: Protoss Protoss
  • League: Silver

VOD

Have the link to the VOD?

Description

Time

  • Played on: Sept. 17, 2016, 6:03 a.m.
  • Length: 17:16
Show
View Real Time Build Order
Export as new Build Order

Gracz Protoss 

Build Orders:  

Get SALT Encoding   

  12  0:02  Probe (Chrono Boost)  
  13  0:12  Probe (Chrono Boost)  
  14  0:27  Pylon  
  14  0:44  Probe (Chrono Boost)  
  14  0:45  Pylon  
  14  0:49  Assimilator  
  15  0:55  Probe (Chrono Boost)  
  16  1:05  Probe (Chrono Boost), Gateway  
  17  1:16  Probe (Chrono Boost)  
  18  1:29  Gateway  
  18  1:32  Gateway  
  18  1:43  Gateway  
  18  1:56  Cybernetics Core  
  18  1:58  Probe (Chrono Boost)  
  19  2:09  Probe (Chrono Boost)  
  20  2:34  Stalker x2  
  20  2:35  Stalker x2  
  28  2:44  Probe (Chrono Boost)  
  29  2:49  Assimilator  
  29  2:54  Probe (Chrono Boost)  
  26  4:30  Stalker  
  26  4:31  Stalker  
  30  4:34  Pylon  
  30  4:47  Nexus  
  30  4:52  Stalker x2  
  34  4:59  Robotics Facility  
  34  5:01  Robotics Facility, Probe (Chrono Boost)  
  35  5:12  Probe (Chrono Boost)  
  32  5:22  Probe (Chrono Boost)  
  32  5:23  Stalker x2  
  37  5:33  Probe (Chrono Boost)  
  38  5:43  Probe (Chrono Boost)  
  38  5:49  Assimilator  
  39  5:51  Assimilator  
  39  5:56  Pylon  
  39  5:58  Warp Prism  
  39  5:59  Probe (Chrono Boost), Immortal  
  39  6:03  Pylon  
  46  6:06  Probe (Chrono Boost)  
  46  6:09  Probe (Chrono Boost)  
  46  6:10  Pylon  
  48  6:17  Probe (Chrono Boost)  
  49  6:20  Probe (Chrono Boost)  
  50  6:27  Probe (Chrono Boost)  
  51  6:34  Stalker x3  
  57  7:00  Probe x2 (Chrono Boost)  
  59  7:10  Probe (Chrono Boost)  
  59  7:11  Mothership Core (Chrono Boost)  
  60  7:31  Stalker x3  
  60  7:32  Stalker  
  60  7:35  Observer  
  69  7:43  Probe x2 (Chrono Boost)  
  71  7:54  Probe (Chrono Boost)  
  71  7:56  Pylon  
  72  8:01  Stalker x2  
  76  8:16  Stargate x2  
  76  8:18  Stargate  
  76  8:38  Sentry x2, Stalker  
  82  8:57  Warp Gate  
  82  9:04  Pylon  
  82  9:08  Pylon  
  82  9:13  Twilight Council  
  82  9:16  Robotics Bay  
  82  9:30  Nexus  
  82  9:32  Assimilator  
  82  9:34  Assimilator  
  82  9:43  Pylon  
  82  9:48  Pylon  
  82  9:50  Pylon  
  82  9:51  Stalker x4  
  90  9:54  Immortal  
  94  10:07  Fleet Beacon  
  94  10:21  Stalker x2  
  99  10:43  Probe (Chrono Boost)  
  99  10:44  Stalker x2  
  103  10:51  Stalker x2  
  103  10:53  Probe (Chrono Boost)  
  108  11:04  Probe (Chrono Boost)  
  115  11:14  Probe (Chrono Boost)  
  116  11:25  Probe (Chrono Boost)  
  117  11:30  Tempest x2  
  125  11:35  Probe (Chrono Boost)  
  126  11:46  Probe (Chrono Boost)  
  127  11:55  Nexus  
  127  11:58  Pylon  
  127  12:01  Pylon  
  127  12:02  Tempest  
  127  12:04  Blink  
  127  12:05  Pylon  
  131  12:27  Tempest, Void Ray  
  139  12:34  Probe (Chrono Boost)  
  140  12:44  Probe (Chrono Boost)  
  131  12:52  Stalker x2  
  131  12:53  Stalker x2  
  131  12:56  Disruptor  
  142  13:01  Probe x2 (Chrono Boost)  
  142  13:03  Probe (Chrono Boost)  
  145  13:10  Probe (Chrono Boost)  
  145  13:12  Probe (Chrono Boost)  
  147  13:21  Probe (Chrono Boost)  
  147  13:22  Probe (Chrono Boost)  
  147  13:23  Gateway  
  147  13:24  Gateway  
  149  13:27  Gateway  
  149  13:31  Probe (Chrono Boost)  
  149  13:33  Probe (Chrono Boost)  
  151  13:35  Stalker  
  151  13:36  Stalker  
  151  13:37  Stalker  
  157  13:42  Probe (Chrono Boost)  
  157  13:43  Probe (Chrono Boost)  
  159  13:52  Probe (Chrono Boost)  
  65  14:48  Probe (Chrono Boost)  
  65  14:49  Tempest x3  
  65  14:52  Mothership Core (Chrono Boost)  
  76  14:58  Probe (Chrono Boost)  
  77  15:04  Assimilator  
  68  15:08  Assimilator  
  68  15:09  Probe (Chrono Boost)  
  63  15:19  Probe (Chrono Boost)  
  64  15:30  Probe (Chrono Boost)  
  64  15:32  Tempest x3  
  72  15:39  Stalker  
  72  15:40  Stalker x4, Probe (Chrono Boost)  
  72  15:41  Stalker x2  
  79  16:03  Stalker  
  81  16:04  Stalker x2  
  85  16:15  Tempest x2  
Show
View Real Time Build Order
Export as new Build Order

Leafslash Protoss - Winner!

Build Orders:  

Get SALT Encoding   

  12  0:02  Probe (Chrono Boost)  
  13  0:19  Pylon  
  13  0:20  Probe (Chrono Boost)  
  14  0:31  Probe (Chrono Boost)  
  15  0:41  Probe (Chrono Boost)  
  16  0:47  Gateway  
  16  0:52  Assimilator  
  16  0:56  Probe (Chrono Boost)  
  17  1:05  Pylon  
  17  1:07  Probe (Chrono Boost)  
  18  1:17  Probe (Chrono Boost)  
  19  1:19  Forge  
  19  1:32  Gateway  
  19  1:36  Zealot  
  21  1:52  Cybernetics Core  
  21  1:56  Assimilator  
  21  1:59  Probe (Chrono Boost)  
  22  2:03  Zealot  
  24  2:09  Probe (Chrono Boost)  
  24  2:12  Protoss Ground Weapons Level 1  
  24  2:14  Warp Gate  
  25  2:19  Zealot  
  25  2:20  Probe (Chrono Boost)  
  28  2:37  Photon Cannon  
  28  2:46  Photon Cannon  
  28  2:49  Zealot  
  30  3:05  Pylon  
  30  3:23  Zealot  
  32  3:38  Pylon  
  32  3:40  Pylon  
  30  3:44  Zealot  
  32  3:50  Zealot  
  32  3:51  Photon Cannon  
  34  3:58  Photon Cannon  
  32  4:11  Zealot  
  34  4:17  Zealot  
  32  4:38  Twilight Council  
  36  4:48  Gateway  
  36  4:53  Protoss Ground Armor Level 1  
  32  5:10  Probe (Chrono Boost)  
  32  5:12  Charge  
  34  5:22  Probe (Chrono Boost)  
  34  5:30  Protoss Air Weapons Level 1  
  34  5:34  Probe (Chrono Boost)  
  35  5:44  Nexus  
  35  5:46  Probe (Chrono Boost)  
  37  5:58  Probe (Chrono Boost)  
  37  6:10  Zealot  
  37  6:11  Probe (Chrono Boost), Zealot  
  42  6:13  Stalker  
  44  6:23  Probe (Chrono Boost)  
  45  6:34  Pylon  
  45  6:35  Probe (Chrono Boost)  
  45  6:38  Pylon  
  46  6:44  Protoss Ground Weapons Level 2  
  47  6:47  Probe (Chrono Boost)  
  47  6:53  Stalker  
  49  6:54  Stalker  
  49  6:56  Stalker  
  49  6:59  Probe (Chrono Boost)  
  52  7:18  Zealot  
  52  7:19  Zealot  
  52  7:22  Zealot  
  59  7:38  Probe (Chrono Boost)  
  59  7:40  Probe (Chrono Boost)  
  60  7:47  Pylon  
  60  7:49  Pylon  
  60  7:50  Probe (Chrono Boost)  
  61  7:52  Pylon  
  61  7:59  Assimilator  
  61  8:01  Assimilator, Probe (Chrono Boost)  
  62  8:06  Stalker x2  
  62  8:07  Stalker  
  68  8:14  Stargate  
  68  8:16  Stargate  
  68  8:19  Stargate  
  68  8:35  Probe (Chrono Boost)  
  68  8:38  Stalker x3  
  75  8:42  Protoss Ground Armor Level 2  
  75  8:44  Protoss Air Armor Level 1  
  75  8:45  Probe (Chrono Boost)  
  76  9:04  Stalker x2  
  76  9:05  Stalker  
  82  9:11  Blink  
  82  9:33  Nexus  
  82  9:38  Probe (Chrono Boost)  
  82  9:44  Probe (Chrono Boost)  
  84  9:49  Probe (Chrono Boost), Zealot  
  87  9:53  Zealot  
  87  9:56  Probe (Chrono Boost)  
  87  9:58  Zealot  
  93  10:00  Probe (Chrono Boost)  
  94  10:08  Probe (Chrono Boost)  
  94  10:10  Probe (Chrono Boost)  
  94  10:12  Gateway  
  95  10:14  Gateway  
  95  10:21  Probe (Chrono Boost)  
  96  10:25  Fleet Beacon  
  96  10:44  Stalker  
  96  10:45  Stalker, Zealot  
  102  10:51  Protoss Shields Level 1, Probe (Chrono Boost)  
  102  10:54  Probe (Chrono Boost)  
  104  11:01  Probe (Chrono Boost)  
  105  11:05  Probe (Chrono Boost)  
  106  11:12  Probe (Chrono Boost)  
  107  11:19  Tempest  
  107  11:21  Tempest  
  107  11:22  Tempest  
  119  11:26  Zealot  
  119  11:27  Zealot  
  119  11:28  Protoss Air Weapons Level 2  
  123  11:35  Zealot  
  125  12:11  Pylon  
  125  12:12  Pylon  
  125  12:13  Pylon  
  125  12:17  Pylon  
  125  12:23  Pylon  
  125  12:27  Pylon  
  125  12:28  Pylon  
  125  12:29  Tempest x2  
  133  12:30  Tempest  
  133  12:31  Pylon  
  133  12:33  Pylon  
  137  12:45  Protoss Ground Weapons Level 3  
  137  12:47  Zealot x4  
  137  12:48  Zealot  
  147  12:54  Assimilator  
  147  12:55  Assimilator  
  147  13:07  Probe (Chrono Boost)  
  147  13:12  Tempest  
  152  13:14  Zealot  
  152  13:15  Zealot x2  
  152  13:16  Zealot x2  
  130  14:01  Zealot x4  
  130  14:02  Zealot  
  106  15:18  Zealot x4  
  106  15:19  Zealot  
  116  15:22  Tempest x2  
  116  15:23  Tempest  
  128  16:04  Zealot x2  
  128  16:05  Tempest x3, Zealot x3  
  112  17:12  Zealot x5  
Tags
 
Add a new tag
Caveats
  • Supply blocks, unpowered buildings, or Contaminate may cause inaccurate times.
  • Supply counts are checked every 10 seconds.